Map: Dusk Towers

Players

Exehn

  • Race: Protoss Protoss
  • League: Master

Miszu - Winner!

  • Race: Terran Terran
  • League: Grandmaster

VOD

Have the link to the VOD?

Description

Time

  • Played on: Feb. 19, 2016, 5:53 p.m.
  • Length: 4:00
Show
View Real Time Build Order
Export as new Build Order

Exehn Protoss 

Build Orders:  

Get SALT Encoding   

  12  0:01  Probe (Chrono Boost)  
  13  0:11  Probe (Chrono Boost)  
  14  0:17  Pylon  
  14  0:22  Probe (Chrono Boost)  
  16  0:35  Probe (Chrono Boost)  
  16  0:36  Gateway  
  16  0:46  Probe (Chrono Boost)  
  16  0:47  Assimilator  
  17  0:56  Probe (Chrono Boost)  
  18  1:07  Probe (Chrono Boost)  
  19  1:16  Pylon  
  19  1:18  Assimilator, Probe (Chrono Boost)  
  20  1:25  Cybernetics Core  
  20  1:28  Probe (Chrono Boost)  
  21  1:34  Gateway  
  21  1:45  Gateway  
  21  1:48  Probe (Chrono Boost)  
  21  1:51  Zealot (Chrono Boost)  
  26  2:01  Mothership Core (Chrono Boost)  
  26  2:03  Warp Gate  
  26  2:11  Pylon  
  28  2:23  Stalker (Chrono Boost)  
  28  2:26  Stalker (Chrono Boost)  
  32  2:37  Stalker (Chrono Boost)  
  27  2:53  Stalker (Chrono Boost)  
  23  3:03  Probe  
  23  3:09  Stalker (Chrono Boost)  
  22  3:46  Pylon  
Show
View Real Time Build Order
Export as new Build Order

Miszu Terran - Winner!

Build Orders:  

Get SALT Encoding   

  12  0:00  SCV  
  13  0:12  SCV  
  14  0:18  Supply Depot  
  14  0:24  SCV  
  15  0:44  Barracks  
  15  0:54  Barracks  
  15  1:05  Barracks  
  15  1:30  Marine  
  15  1:32  Barracks  
  16  1:41  Supply Depot  
  16  1:43  Marine  
  17  1:48  Marine  
  17  1:52  Marine  
  19  2:01  Marine  
  20  2:06  Marine  
  21  2:10  Marine  
  22  2:18  Marine  
  23  2:22  Marine  
  23  2:24  Marine  
  23  2:28  Marine  
  25  2:32  Supply Depot  
  25  2:36  Marine  
  26  2:40  Marine  
  26  2:41  Marine  
  25  2:55  Marine  
  25  3:00  Marine x2  
  25  3:01  Marine  
  25  3:13  Marine  
  25  3:18  Marine x2  
  25  3:19  Marine  
  28  3:31  Marine  
  29  3:36  Marine x2  
  29  3:37  Marine  
Tags
 
Add a new tag
Caveats
  • Supply blocks, unpowered buildings, or Contaminate may cause inaccurate times.
  • Supply counts are checked every 10 seconds.